Map: Habitation Station LE (Void)

Players

Voodoochilli - Winner!

  • Race: Terran Terran
  • League: Platinum
  • Spawn Location: 1:00

WhitedeviL

  • Race: Zerg Zerg
  • League: Platinum
  • Spawn Location: 11:00

VOD

Have the link to the VOD?

Description

Time

  • Played on: Dec. 31, 2016, 8:57 a.m.
  • Length: 14:32
Show
View Real Time Build Order
Export as new Build Order

Voodoochilli Terran - Winner!

Build Orders: MMM Bio 

Get SALT Encoding   

  12  0:01  SCV  
  13  0:13  SCV  
  14  0:21  Supply Depot  
  14  0:26  SCV  
  15  0:39  Refinery  
  16  0:42  SCV  
  16  0:45  Barracks  
  16  0:55  SCV  
  17  1:07  SCV  
  18  1:19  SCV  
  19  1:31  SCV  
  20  1:36  Reaper  
  21  1:43  Orbital Command  
  21  1:51  Command Center  
  21  1:56  Supply Depot  
  21  2:08  Marine  
  22  2:12  SCV  
  23  2:22  Factory  
  23  2:26  Marine  
  23  2:28  SCV  
  25  2:40  SCV  
  25  2:43  Marine  
  27  3:01  Marine  
  27  3:04  Orbital Command  
  28  3:08  Starport  
  28  3:09  Factory Tech Lab  
  28  3:13  Refinery  
  28  3:17  SCV  
  29  3:26  Bunker  
  29  3:29  SCV  
  30  3:37  SCV  
  30  3:40  Marine  
  32  3:45  SCV  
  33  3:49  Siege Tank  
  31  4:08  Marine  
  31  4:26  Viking  
  33  4:33  Marine  
  34  4:39  SCV  
  34  4:45  SCV  
  36  4:46  Refinery x2  
  36  4:49  Supply Depot  
  35  4:54  Supply Depot  
  18  5:19  Command Center  
  18  5:22  SCV  
  18  5:23  Barracks  
  18  5:24  Barracks  
  18  5:25  Siege Tank, Barracks  
  18  5:26  Barracks  
  22  5:35  Marine, SCV  
  24  5:47  SCV  
  25  5:55  Marine  
  26  5:59  SCV  
  27  6:13  SCV  
  27  6:15  Starport Reactor  
  26  6:24  Barracks Reactor, Barracks Tech Lab  
  26  6:38  Barracks Tech Lab  
  24  6:43  Marine x2  
  24  6:45  Supply Depot, Stimpack  
  26  6:53  Marine  
  27  6:59  Medivac  
  27  7:00  Orbital Command, SCV  
  30  7:02  Marine  
  30  7:07  Combat Shields  
  31  7:29  SCV  
  32  7:31  Orbital Command  
  32  7:34  Supply Depot  
  32  7:38  Marine, Marauder  
  32  7:42  Marine  
  32  7:43  Engineering Bay, SCV x2  
  38  7:51  Marine x2  
  38  7:55  SCV x2  
  42  7:59  Supply Depot  
  42  8:03  Medivac x2  
  46  8:07  SCV  
  46  8:10  SCV  
  46  8:12  Bunker  
  47  8:14  SCV  
  47  8:19  Missile Turret, SCV  
  49  8:21  Missile Turret  
  49  8:23  SCV  
  50  8:28  Siege Tank  
  50  8:30  SCV  
  50  8:31  SCV  
  55  8:35  Marine  
  55  8:36  Concussive Shells  
  56  8:41  Missile Turret  
  52  9:13  Viking x2  
  56  9:30  Supply Depot  
  56  9:31  Refinery, SCV  
  57  9:32  Refinery  
  57  9:37  Marine x2  
  57  9:38  Marine, Marauder  
  62  9:43  Viking  
  63  9:50  Marine x2  
  64  9:53  Terran Infantry Weapons Level 1  
  64  9:55  Marine  
  65  10:08  SCV  
  65  10:12  SCV x2  
  65  10:13  Supply Depot, Marine  
  71  10:14  Marauder  
  69  10:39  Marine  
  69  10:40  Marauder  
  61  10:57  Marine  
  61  10:58  Marine x2, Marauder  
  61  11:00  SCV, Bunker  
  61  11:01  Orbital Command  
  61  11:02  Marine  
  61  11:03  Marauder  
  70  11:05  Siege Tank  
  70  11:07  Supply Depot  
  73  11:15  Marine x2  
  74  11:28  Marine  
  73  11:42  Marine x2  
  75  11:47  Terran Infantry Armor Level 1  
  75  11:58  Marine x2  
  75  11:59  Marauder x2  
  75  12:00  Marine  
  80  12:11  Marine  
  81  12:16  Marine x2, Medivac x2  
  81  12:18  Marine  
  81  12:20  Marauder x2  
  90  12:28  Marine, Liberator, SCV  
  90  12:29  Liberator  
  92  12:31  Siege Tank  
  95  12:38  Marine  
  95  12:42  Marauder  
  98  12:47  Missile Turret, SCV x2, Armory  
  98  12:49  Engineering Bay  
  98  12:50  Barracks Reactor  
  106  12:51  SCV  
  106  12:53  Marine  
  106  12:54  Missile Turret  
  108  12:59  SCV  
  108  13:02  Marauder  
  108  13:03  Supply Depot  
  101  13:21  Marine  
  101  13:22  Marine, Marauder  
  101  13:23  Marauder  
  107  13:29  Marine x2  
  106  13:52  Marine  
  106  13:53  Marine, Marauder  
  107  13:56  Marine  
  107  13:57  Marine, Marauder  
  103  14:03  Marine  
  104  14:10  Marine x2  
Show
View Real Time Build Order
Export as new Build Order

WhitedeviL Zerg 

Build Orders: Hatch First, Zergling Baneling 

Get SALT Encoding   

  12  0:01  Drone  
  13  0:12  Overlord  
  13  0:17  Drone  
  14  0:31  Drone x2  
  14  0:34  Drone  
  17  0:55  Hatchery  
  16  1:00  Drone  
  17  1:13  Spawning Pool  
  17  1:15  Extractor  
  15  1:21  Drone  
  15  1:22  Drone  
  17  1:35  Extractor, Drone x2  
  18  1:49  Drone  
  18  1:54  Drone  
  20  2:07  Queen  
  20  2:08  Queen  
  24  2:15  Zergling x2  
  24  2:16  Zergling x2  
  24  2:17  Drone  
  27  2:28  Metabolic Boost  
  27  2:31  Zergling x2  
  28  3:02  Overlord x4  
  28  3:08  Baneling Nest  
  27  3:17  Zergling x2  
  28  3:22  Zergling x2  
  28  3:23  Zergling x4  
  31  3:31  Zergling x2  
  31  3:32  Zergling x2  
  33  3:42  Zergling x4  
  34  3:49  Zergling x2  
  34  3:50  Zergling x10  
  40  4:01  Zergling x4  
  41  4:21  Zergling x8  
  44  4:29  Zergling x4  
  46  4:35  Baneling x4  
  46  4:36  Baneling x7  
  46  4:37  Baneling x2  
  46  4:39  Zergling x4  
  42  5:00  Zergling x4  
  42  5:01  Zergling x12  
  48  5:08  Drone x2  
  49  5:21  Baneling x4  
  49  5:27  Extractor  
  48  5:46  Overlord  
  48  5:47  Overlord x6  
  48  5:48  Overlord  
  46  6:18  Drone  
  46  6:19  Drone x6  
  46  6:20  Drone x2  
  49  6:43  Drone x3  
  49  6:44  Drone x3  
  55  6:51  Extractor  
  55  6:53  Drone  
  55  6:54  Drone x4  
  58  6:59  Lair  
  59  7:05  Extractor  
  58  7:14  Pneumatized Carapace  
  57  7:30  Roach Warren  
  56  7:51  Evolution Chamber  
  55  8:18  Roach  
  55  8:19  Roach x7  
  71  8:20  Roach x5  
  71  8:21  Roach x3  
  71  8:22  Roach x2  
  91  8:44  Hatchery  
  79  9:13  Ravager  
  79  9:14  Ravager x5  
  79  9:15  Ravager x5  
  89  9:30  Zergling x8  
  89  9:31  Zergling x10  
  96  10:17  Ravager  
  96  10:18  Ravager x5  
  64  10:45  Roach  
  64  10:46  Roach x7  
  64  10:47  Roach x4  
  79  10:58  Roach x2  
  79  10:59  Roach x3  
  89  11:14  Evolution Chamber, Overlord x3  
  64  12:20  Roach  
  64  12:21  Roach x7  
  64  12:22  Roach x6  
  90  12:23  Roach x4  
  98  12:35  Zerg Missile Weapons Level 1  
  98  12:38  Zerg Melee Weapons Level 1  
  98  12:40  Tunneling Claws  
  98  12:48  Roach x4  
  98  12:49  Roach x3  
  112  12:51  Overseer  
  112  12:52  Overlord x2  
  112  12:59  Queen  
  84  13:16  Zergling x14  
  84  13:17  Zergling x6  
  69  13:24  Baneling Nest  
  58  13:30  Zergling x4  
  58  13:31  Zergling x4  
  60  13:37  Baneling x2  
  60  13:38  Baneling  
  60  13:41  Baneling x6  
  58  13:42  Baneling x8  
  58  13:43  Baneling x3  
  52  14:06  Roach x2  
  52  14:07  Roach  
Tags
 
Add a new tag
Caveats
  • Supply blocks, unpowered buildings, or Contaminate may cause inaccurate times.
  • Supply counts are checked every 10 seconds.